 Dungeon Crawl Stone Soup version 0.30.0-16-gbe6223bb7e (webtiles) character file.

Game seed: 9991426037465264794

11 AlmostDecent the Shooter (level 2, 22/22 HPs)
             Began as a Formicid Hunter on May 20, 2023.
             Was a Follower of Kikubaaqudgha.
             Quit the game on level 1 of the Dungeon.
             The game lasted 00:01:48 (266 turns).

AlmostDecent the Shooter (Formicid Hunter)           Turns: 266, Time: 00:01:49

Health: 22/22      AC:  3    Str: 15    XL:     2   Next: 35%
Magic:  2/2        EV: 12    Int:  8    God:    Kikubaaqudgha [*.....]
Gold:   37         SH:  0    Dex: 17    Spells: 1/1 levels left

rFire   . . .        a - +0 shortbow
rCold   . . .        (no shield)
rNeg    . . .        c - +0 leather armour
rPois   .            (helmet unavailable)
rElec   .            (no cloak)
rCorr   .            (no gloves)
SInv    +            (no boots)
Will    .....        (no amulet)
Stlth   ++           (no ring)
HPRegen 0.23/turn    (no ring)
MPRegen 0.08/turn

%: no passive effects
@: no status effects
A: permanent stasis, dig shafts and tunnels, antennae 3, four strong arms
a: Dig, Shaft Self, Renounce Religion, Unearth Wretches


You were on level 1 of the Dungeon.
You worshipped Kikubaaqudgha.
Kikubaaqudgha was aware of your devotion.
You visited 1 branch of the dungeon, and saw 1 of its levels.

You collected 37 gold pieces.

Inventory:

Hand Weapons
 a - a +0 shortbow (weapon)
Armour
 c - a +0 leather armour (worn)
Scrolls
 b - a scroll of immolation
 d - a scroll of noise {unknown}


   Skills:
 + Level 2.1 Fighting
 * Level 4.5 Ranged Weapons
 + Level 1.7 Dodging
 + Level 1.2 Stealth


You had one spell level left.
You didn't know any spells.
Your spell library contained the following spells:

 Spells                   Type           Power      Damage    Failure   Level
 Kiss of Death            Conj/Necr      0%         2d5       47%         1
 Necrotise                Necr           0%         1d4       47%         1
 Cigotuvi's Dreadful Rot  Necr/Pois/Air  0%         N/A       63%         2
 Animate Dead             Necr           0%         N/A       99%         4


Dungeon Overview and Level Annotations

Branches:
Dungeon (1/15)

Altars:
Kikubaaqudgha


Innate Abilities, Weirdness & Mutations

You cannot be hasted, slowed, berserked, paralysed or teleported.
You can dig through walls and to a lower floor.
You have a pair of large antennae on your head. (SInv)
Your four strong arms can wield two-handed weapons with a shield.


Message History

You shoot an arrow. The arrow closely misses the goblin.
The goblin shouts!
You shoot an arrow.
The arrow hits the goblin but does no damage.
You shoot an arrow. The arrow hits the goblin.
You kill the goblin!
No target in view!
No target in view!
No target in view!
No target in view!
You open the door.
Found a faded altar of an unknown god.
No target in view!
Sorry, I don't know how to get there.
There is an open door here.
You open the door.
There is an open door here.
There is a faded altar of an unknown god here.
You open the door.
There is an open door here.
You open the door.
There is an open door here.
A rat comes into view.
Unknown command.
You shoot an arrow. The arrow hits the rat!
You kill the rat!
No target in view!
No target in view!
No target in view!
There is an open door here.
There is an open door here.
There is a faded altar of an unknown god here.
There is a faded altar of an unknown god here.
This altar belongs to (a) Okawaru, (b) Xom or (c) Kikubaaqudgha, but you can't tell which.
Press the corresponding letter to learn more about a god, or press enter to convert or escape to cancel.
Kikubaaqudgha accepts your prayer! Kikubaaqudgha welcomes you!
You can now bring forth the wretched and dying.
Kikubaaqudgha grants you a gift!
You add the spells Kiss of Death, Necrotise, Cigotuvi's Dreadful Rot and Animate Dead to your library.
Are you sure you want to abandon this character and quit the game? (Confirm with "yes".)

....†...###..#
.######..#.### ##
#.#.## ####### #.###
#....P# #.# #'###.# #.#
#P..#.# #.# ####.#.###
#.# ##....8P'.#
#####.#######.@.#####.#
#...)...'.8..PP## #...#
#.#.....#.#.####. #.###
##...##.#P..#...#.# {
##.###.###'#.....# #.#
#P....#...#.# #.#
#######...#.# #+# ###
#.# { #.#


There were no monsters in sight!

Vanquished Creatures
  2 bats (D:1)
  An endoplasm (D:1)
  2 goblins (D:1)
  2 hobgoblins (D:1)
  2 frilled lizards (D:1)
  A rat (D:1)
10 creatures vanquished.

Notes
Turn   | Place    | Note
-------+----------+-------------------------------------------
     0 | D:1      | AlmostDecent the Formicid Hunter began the quest for the
                  | Orb.
     0 | D:1      | Reached XP level 1. HP: 16/16 MP: 1/1
     2 | D:1      | Noticed a gargoyle
     2 | D:1      | Noticed a naga
     4 | D:1      | Noticed an ogre
     4 | D:1      | Noticed a demigod
     6 | D:1      | Noticed a formicid
     8 | D:1      | Noticed a ghoul
     8 | D:1      | Noticed an octopode
    10 | D:1      | Noticed an armataur
    10 | D:1      | Noticed a vine stalker
    12 | D:1      | Noticed a draconian
    12 | D:1      | Noticed a meteoran
    14 | D:1      | Noticed a minotaur
    14 | D:1      | Noticed a merfolk
    16 | D:1      | Noticed a felid
    18 | D:1      | Noticed a demonspawn
    18 | D:1      | Noticed an elf
    20 | D:1      | Noticed a human
    20 | D:1      | Noticed a vampire
    22 | D:1      | Noticed a tengu
    22 | D:1      | Noticed a spriggan
    24 | D:1      | Noticed a ghoul
    24 | D:1      | Noticed a troll
    26 | D:1      | Noticed a human
    26 | D:1      | Noticed a minotaur
   174 | D:1      | Reached XP level 2. HP: 22/22 MP: 2/2
   206 | D:1      | Found a faded altar of an unknown god.
   265 | D:1      | Prayed at the altar of an unknown god.
   265 | D:1      | Became a worshipper of Kikubaaqudgha
   265 | D:1      | Reached * piety under Kikubaaqudgha
   265 | D:1      | Received a gift from Kikubaaqudgha
   266 | D:1      | Quit the game

Illustrated notes

Levels and vault maps discovered:
D:1:      kb_arrival_jail, layout_loops_corners,
          shapermc_ecumenical_altar_ellora, minmay_pentomino_s2

Action                     || total
---------------------------++-------
   Fire: Shortbow          ||    15
  Dodge: Dodged            ||     1
